 Dungeon Crawl Stone Soup version 0.29-a0-993-g4a18f31a58 (webtiles) character file.

Game seed: 9646416599215918278

135 xian the Magician (level 4, -7/32 HPs)
             Began as a Demonspawn Hedge Wizard on Aug 2, 2022.
             Killed from afar by an orc wizard (9 damage)
             ... with a puff of flame
             ... on level 3 of the Dungeon.
             The game lasted 00:09:02 (2817 turns).

xian the Magician (Demonspawn Hedge Wizard)         Turns: 2817, Time: 00:09:02

Health: -7/32      AC:  6    Str: 10    XL:     4   Next: 96%
Magic:  10/10      EV: 12    Int: 19    God:
Gold:   96         SH:  0    Dex: 13    Spells: 2/11 levels left

rFire   . . .      SeeInvis .   a - +0 dagger
rCold   . . .      Faith    .   (no shield)
rNeg    . . .      Spirit   .   b - +0 robe
rPois   .          Reflect  .   c - +0 hat
rElec   .          Harm     .   (no cloak)
rCorr   .          Rampage  .   (no gloves)
Will    .....                   (no boots)
Stlth   ++........              (no amulet)
HPRegen 0.10/turn               q - +4 ring of protection
MPRegen 0.12/turn               (no ring)

@: mighty
A: big brain 1
a: no special abilities


You were on level 3 of the Dungeon.
You visited 1 branch of the dungeon, and saw 3 of its levels.

You collected 96 gold pieces.

Inventory:

Hand Weapons
 a - a +0 dagger (weapon)
Missiles
 f - 14 poisoned darts
Armour
 b - a +0 robe (worn)
 c - a +0 hat (worn)
Jewellery
 q - a +4 ring of protection (left hand)
Scrolls
 g - a scroll of immolation
 j - a scroll of teleportation
 m - a scroll of fear {unknown}
 n - a scroll of poison {unknown}
 o - a scroll of vulnerability {unknown}
 p - a scroll of amnesia {unknown}
Potions
 d - a potion of magic
 e - a potion of might
 h - a potion of haste {unknown}
 i - a potion of brilliance {unknown}
 k - a potion of heal wounds {unknown}
 l - a potion of berserk rage {unknown}


   Skills:
 * Level 1.0 Fighting
 - Level 0.4 Short Blades
 + Level 2.0 Dodging
 + Level 2.1 Stealth
 + Level 4.1 Spellcasting
 * Level 2.5 Conjurations
 + Level 1.4 Summonings
 + Level 0.8 Translocations


You had 2 spell levels left.
You knew the following spells:

 Your Spells              Type           Power      Damage    Failure   Level
a - Magic Dart            Conj           52%        1d5       4%          1
b - Call Imp              Summ           9%         N/A       12%         2
c - Slow                  Hex            12%        N/A       14%         1
d - Conjure Flame         Conj/Fire      8%         6-21      24%         3
e - Blink                 Tloc           14%        N/A       14%         2

Your spell library contained the following spells:

 Spells                   Type           Power      Damage    Failure   Level
 Mephitic Cloud           Conj/Pois/Air  7%         N/A       28%         3
 Confusing Touch          Hex            3%         N/A       38%         3
 Vampiric Draining        Necr           3%         2d6       38%         3


Dungeon Overview and Level Annotations

Branches:
Dungeon (3/15)

Altars:
Ashenzari
Vehumet


Innate Abilities, Weirdness & Mutations

You have an unusually large brain. (Int +2)


Message History

Your crimson imp barely misses something.
You hear some strange, mumbled words.
A puff of flame appears from out of thin air!
The puff of flame hits you but does no damage.
Something hits you but does no damage.
You hit something but do no damage.
Your crimson imp hits something.
You hear some strange, mumbled words.
A puff of flame appears from out of thin air!
The puff of flame hits you. Something hits you but does no damage.
You barely miss something.
Your crimson imp misses something.
Something hits your crimson imp. Something hits you but does no damage.
You hit something but do no damage.
Your crimson imp barely misses something.
Something hits you but does no damage. Something hits your crimson imp.
You miss something.
Your crimson imp barely misses something.
Something hits your crimson imp.
You hear some strange, mumbled words.
A puff of flame appears from out of thin air!
The puff of flame hits you!
* * * LOW HITPOINT WARNING * * *
It was a potion of might.
You feel very mighty all of a sudden.
Your crimson imp closely misses something.
Something hits you.
* * * LOW HITPOINT WARNING * * *
Something misses your crimson imp.
You hit something.
Reactivating autopickup.
You feel a bit more experienced.
Something barely misses your crimson imp.
Your Fighting skill increases to level 1!
Something hits your crimson imp.
Something closely misses your crimson imp.
Your crimson imp disappears in a puff of smoke!
You hear some strange, mumbled words.
A puff of flame appears from out of thin air!
Deactivating autopickup; reactivate with Ctrl-A.
The puff of flame hits you!
You die...

##.## ##..#..#
##...####...'._#
#.....##....#..#
##...##.....# ##
#.###.###.⌠.⌠.#
#.....).{{.⌠..+
.....###{###.⌠.⌠.#
... #§# #.....# #
#@# ##....# #.#
##...+ #.# #..#
#.# ### #.# #.#
#.. ...


There were no monsters in sight!

Vanquished Creatures
  2 orc wizards (D:3)
  A worm (D:2)
  7 dart slugs
  An orc (D:2)
  5 endoplasms
  3 giant cockroaches
  5 goblins
  4 hobgoblins
  4 quokkas
  6 bats
  2 frilled lizards
  5 kobolds
  6 rats
51 creatures vanquished.

Vanquished Creatures (collateral kills)
  An orc wizard (D:3)
  4 worms (D:2)
5 creatures vanquished.

Grand Total: 56 creatures vanquished

Notes
Turn   | Place    | Note
-------+----------+-------------------------------------------
     0 | D:1      | xian the Demonspawn Hedge Wizard began the quest for the
                  | Orb.
     0 | D:1      | Reached XP level 1. HP: 13/13 MP: 4/4
   184 | D:1      | Gained mutation: You have an unusually large brain. (Int
                  | +2) [demonic ancestry]
   184 | D:1      | Reached XP level 2. HP: 18/19 MP: 0/6
   878 | D:1      | Reached XP level 3. HP: 24/24 MP: 2/8
   881 | D:1      | Learned a level 2 spell: Call Imp
   883 | D:1      | Learned a level 1 spell: Slow
   887 | D:1      | Learned a level 3 spell: Conjure Flame
   890 | D:1      | Learned a level 2 spell: Blink
  1209 | D:1      | Found a faded altar of an unknown god.
  1974 | D:2      | Found a broken altar of Ashenzari.
  1989 | D:2      | Reached XP level 4. HP: 30/30 MP: 5/9
  2557 | D:2      | Reached skill level 4 in Spellcasting
  2762 | D:3      | Found a radiant altar of Vehumet.
  2812 | D:3      | HP: 1/31 [something (4)]
  2814 | D:3      | Reached skill level 1 in Fighting
  2817 | D:3      | Killed from afar by an orc wizard

Illustrated notes

Levels and vault maps discovered:
D:1:      reono_arrival_mine, layout_basic, basic_ecumenical_altar
D:2:      layout_basic, basic_altar, grunt_ministairs_5, minmay_crystal_water
D:3:      layout_loops_corners, palyth_temple_overflow_mages,
          gammafunk_ghost_grave, minivault_24

Skill      XL: |  1  2  3  4 |
---------------+-------------+-----
Conjurations   | 2 |  2.5
Stealth        | 2 |  2.1
Spellcasting   | 4 |  4.1
Dodging        | 2 |  2.0
Fighting       | 1 |  1.0
Short Blades   | |  0.4
Summonings     | |  1.4
Translocations | |  0.8

Action                   |  1- 3 |  4- 6 || total
-------------------------+-------+-------++-------
Melee: Dagger            |    52 |    38 ||    90
       Punch             |     1 |       ||     1
 Cast: Magic Dart        |    94 |    16 ||   110
       Call Imp          |     7 |     7 ||    14
  Use: Scroll            |     2 |       ||     2
       Potion            |       |     1 ||     1
 Stab: Distracted        |     2 |       ||     2
       Sleeping          |       |     1 ||     1
Armor: Robe              |     6 |    25 ||    31
Dodge: Dodged            |    43 |    15 ||    58

Table legend: (Time is in decaauts)
 A = Elapsed time spent in this place.
 B = Non-inter-level travel time spent in this place.
 C = Inter-level travel time spent in this place.
 D = Time resting spent in this place.
 E = Time spent auto-exploring this place.
 F = Levels seen in this place.
 G = Mean time per level.
                   A        B        C        D        E       F      G
               +--------+--------+--------+--------+--------+-----+--------+
         Total |   2820 |   2803 |     17 |     12 |   2129 |   3 |  940.0 |
       Dungeon |   2820 |   2803 |     17 |     12 |   2129 |   3 |  940.0 |
               +--------+--------+--------+--------+--------+-----+--------+

Top non-repeatable levels by time:
     D:2: 1427 daAuts
     D:1: 1299 daAuts
     D:3: 92 daAuts
